 Dungeon Crawl Stone Soup version 0.19.1 (webtiles) character file.

53 empire the Sneak (level 3, -2/27 HPs)
             Began as a Vine Stalker Assassin on Dec 12, 2016.
             Slain by an orc
             ... wielding a +0 flail of protection
              (3 damage)
             ... on level 3 of the Dungeon.
             The game lasted 00:03:41 (1680 turns).

empire the Sneak (Vine Stalker Assassin)            Turns: 1680, Time: 00:03:42

Health: -2/27      AC: 21    Str: 13    XL:     3   Next: 87%
Magic:  0/4        EV:  2    Int: 11    God:
Gold:   60         SH:  0    Dex: 16    Spells: 0 memorised, 3 levels left

rFire  . . .     SeeInvis .     a - +2 dagger
rCold  . . .     Gourm    .     (armour currently unavailable)
rNeg   + + +     Faith    .     (no shield)
rPois  +         Spirit   +     (helmet currently unavailable)
rElec  .         Reflect  .     (cloak currently unavailable)
rCorr  .         Harm     .     (gloves currently unavailable)
MR     .....     NoTele   +     (boots currently unavailable)
Stlth  +++.......               (no amulet)
                                (no ring)
                                (no ring)

@: tree-form (expiring)
A: (fangs 0), magic shield, (antimagic bite), no device heal 3, rot immunity
a: no special abilities


You were on level 3 of the Dungeon.
You were very hungry.
You were a tree.
You visited 1 branch of the dungeon, and saw 3 of its levels.

You collected 60 gold pieces.

Inventory:

Hand Weapons
 a - a +2 dagger (weapon)
 b - a +0 blowgun
 k - a cursed -1 dagger
Missiles
 e - 8 poisoned needles
 f - 2 curare-tipped needles
 h - 20 bolts
 p - 34 arrows
Armour
 c - a +0 robe (melded)
 d - a +0 cloak (melded)
 i - a +0 pair of gloves (melded)
 s - a +0 helmet (melded)
Potions
 t - 2 potions of curing
Comestibles
 g - 3 bread rations
 m - a slice of pizza
 n - 2 meat rations


   Skills:
 - Level 1.7 Fighting
 + Level 3.0 Short Blades
 - Level 1.7 Throwing
 - Level 0.7 Dodging
 + Level 5.5 Stealth
 + Level 0.6 Spellcasting


You had 3 spell levels left.
You didn't know any spells.

Dungeon Overview and Level Annotations

Branches:
Dungeon (3/15)

Altars:

Annotations:
D:2 Robin


Innate Abilities, Weirdness & Mutations

((You have extremely sharp teeth.))
When hurt, damage is shared between your health and your magic reserves.
((Your bite disrupts and absorbs the magic of your enemies.))
Potions and wands cannot restore your health.
You are immune to rotting.


Message History

The orc wizard hits you but does no damage.
The orc hits you but does no damage.
You hit the orc.
The orc is almost dead.
The orc wizard gestures at you while chanting.
The puff of flame hits you!
The giant cockroach bites you but does no damage.
The orc wizard hits you but does no damage.
You hit the orc but do no damage.
The orc is almost dead.
Your transformation is almost over.
The giant cockroach bites you but does no damage.
The orc hits you but does no damage.
The orc wizard hits you but does no damage.
You barely miss the orc.
The orc is almost dead.
The giant cockroach bites you.
The orc wizard hits you but does no damage.
The orc hits you with a flail of protection.
You die...

### #.. #.# # #.#
.. #># ..< #o# ..
#♣#####.#
#os.†)..#
####.#..###
##########.#.....
.......<....# #
###########.# .#
.# .#


You could see an orc wizard, an orc and a giant cockroach.

Vanquished Creatures
  An ooze (D:1)
  A worm (D:2)
  2 leopard geckos (D:1)
  3 orcs (D:3)
  2 giant cockroaches
  2 hobgoblins
  5 kobolds
  2 bats
  A frilled lizard (D:1)
  12 goblins
  5 rats
36 creatures vanquished.

Notes
Turn   | Place    | Note
-------+----------+-------------------------------------------
     0 | D:1      | empire the Vine Stalker Assassin began the quest for the Orb.
     0 | D:1      | Reached XP level 1. HP: 11/11 MP: 2/2
   297 | D:1      | Reached skill level 5 in Stealth
   307 | D:1      | Reached XP level 2. HP: 15/15 MP: 3/3
   789 | D:2      | Reached XP level 3. HP: 18/18 MP: 4/4
   802 | D:2      | Noticed Robin
  1674 | D:3      | HP: 1/27 [orc wizard/dagger (1)]
  1680 | D:3      | Slain by an orc

Skill      XL: |  1  2  3 |
---------------+----------+-----
Short Blades   | 2 3 |  3.0
Stealth        | 5 |  5.5
Fighting       | |  1.7
Throwing       | |  1.7
Dodging        | |  0.7
Spellcasting   | |  0.6

Action                   || total
-------------------------++-------
Melee: Dagger            ||   111
       Bite              ||    23
  Use: Scroll            ||     4
       Potion            ||     2
 Stab: Sleeping          ||    11
  Eat: Chunk             ||     1
Armor: Robe              ||    32
       Skin              ||    33
Dodge: Dodged            ||    59
